 Dungeon Crawl Stone Soup version 0.28-b1-25-g9875b3fc8c (webtiles) character file.

Game seed: 10652627351362185989

15931 tilp the Severer (level 12, -1/159 HPs)
             Began as a Minotaur Berserker on Feb 5, 2022.
             Was a Priest of Trog.
             Slain by a gnoll sergeant (9 damage)
             ... on level 7 of the Dungeon.
             The game lasted 00:12:55 (14192 turns).

tilp the Severer (Minotaur Berserker)              Turns: 14192, Time: 00:12:55

Health: -1/159     AC: 30    Str: 25    XL:     12   Next: 5%
Magic:  11/11      EV:  2    Int:  4    God:    Trog [***...]
Gold:   608        SH:  0    Dex: 12    Spells: 11/11 levels left

rFire   . . .      SeeInvis .   a - +4 battleaxe (chaos)
rCold   . . .      Faith    .   (shield currently unavailable)
rNeg    . . .      Spirit   .   (armour currently unavailable)
rPois   +          Reflect  .   (helmet currently unavailable)
rElec   .          Harm     .   (cloak currently unavailable)
rCorr   .          Rampage  .   (gloves currently unavailable)
Will    .....      NoTele   +   (boots currently unavailable)
Stlth   ++........              (no amulet)
HPRegen 0.36/turn               n - +4 ring of protection
MPRegen 0.12/turn               (no ring)

@: tree-form, on berserk cooldown, hasted and slowed
A: stationary, stasis, torment immunity, boosted hp, (horns 2), (retaliatory
headbutt)
a: Renounce Religion, Berserk, Trog's Hand


You were on level 7 of the Dungeon.
You worshipped Trog.
Trog was most pleased with you.
You were a tree.
You visited 1 branch of the dungeon, and saw 11 of its levels.

You collected 608 gold pieces.

Inventory:

Hand Weapons
 a - a +4 battleaxe of chaos (weapon)
 b - a +1 scimitar of flaming
Missiles
 c - 3 silver javelins
 d - 4 boomerangs
 o - 24 poisoned darts (quivered)
 y - 2 boomerangs of dispersal
 B - 3 throwing nets
 F - 3 curare-tipped darts
Armour
 k - a +0 chain mail (melded)
 m - a +1 scale mail of positive energy
 J - a +1 cloak (melded)
Jewellery
 n - a +4 ring of protection (left branch)
Wands
 j - a wand of paralysis (4)
 x - a wand of flame (11)
 C - a wand of charming (3)
 D - a wand of digging (3)
 G - a wand of polymorph (7)
Scrolls
 f - 3 scrolls of silence
 q - 3 scrolls of holy word
 s - 2 scrolls of teleportation
 t - a scroll of vulnerability
 w - a scroll of fog
 z - a scroll of fear
 A - a scroll of magic mapping
 H - a scroll of blinking
Potions
 e - 4 potions of lignification
 g - a potion of flight
 i - 2 potions of haste
 l - 3 potions of curing
 p - 2 potions of mutation
 r - a potion of might
 u - a potion of attraction
 v - a potion of resistance {unknown}
Miscellaneous
 E - a phial of floods


   Skills:
 + Level 10.1 Fighting
 + Level 16.0 Axes
 - Level 8.0 Armour
 - Level 8.0 Dodging
 - Level 4.0 Stealth
 - Level 6.0 Evocations


You had 11 spell levels left.
You didn't know any spells.
Your spell library was empty.

Dungeon Overview and Level Annotations

Branches:
Dungeon (11/15)            Temple (0/1) D:4            Lair (0/6) D:11
    Orc (0/2) D:11

Altars:
Gozag
Trog
Zin

Shops:
D:6 *(   D:7 (   D:8 (

Annotations:
D:7 1 transporter


Innate Abilities, Weirdness & Mutations

You are a tree.
Your roots penetrate the ground, keeping you stationary.
You cannot be teleported.
You are immune to unholy pain and torment.
Your maximum health is greatly increased.
Your equipment is partially melded.
((You have a pair of horns on your head.))
((You reflexively headbutt those who attack you in melee.))


Message History

Your +0 chain mail melds into your body.
Your roots penetrate the ground.
The gnoll sergeant hits you from afar with a +0 spear!
* * * LOW HITPOINT WARNING * * *
The moth of wrath bites you.
* * * LOW HITPOINT WARNING * * *
The gnoll sergeant hits you from afar with a +0 spear.
* * * LOW HITPOINT WARNING * * *
The moth of wrath bites you.
* * * LOW HITPOINT WARNING * * *
You slash the moth of wrath! You burn the moth of wrath.
The moth of wrath is almost dead.
The gnoll sergeant barely misses you.
The moth of wrath bites you but does no damage.
The gnoll sergeant hits you from afar with a +0 spear!
* * * LOW HITPOINT WARNING * * *
The moth of wrath bites you.
* * * LOW HITPOINT WARNING * * *
You feel much better.
The gnoll sergeant hits you but does no damage.
The moth of wrath bites you!
* * * LOW HITPOINT WARNING * * *
The gnoll sergeant hits you from afar with a +0 spear.
* * * LOW HITPOINT WARNING * * *
Unknown command.
You feel yourself speed up.
The gnoll sergeant hits you from afar with a +0 spear!
* * * LOW HITPOINT WARNING * * *
The kobold rages.
The moth of wrath bites you but does no damage.
The gnoll sergeant hits you from afar with a +0 spear.
* * * LOW HITPOINT WARNING * * *
The moth of wrath bites you but does no damage.
The gnoll sergeant hits you from afar with a +0 spear!
* * * LOW HITPOINT WARNING * * *
You slash the moth of wrath!
You kill the moth of wrath!
Trog accepts your kill.
The gnoll sergeant hits you from afar with a +0 spear!
You die...

#..####.......### ##.
######.##...........###.#
###....................##.#
##........................##
#....#####................#
##..###...###..............##
#..###.#..oK##..............#
#..# ###..gO##.............##
##.####≈#.###♣##............#
##..#...#$..§#).#............#
#..©#....$_.#..©#©..........##
#...#...#.......#...........# #
###.##..#≈#....##..........## #
#..#..###....#............# #
##..####.#...##............###
##....###.©.###..#........#..##
##.......#####....##.......##.#.


You could see an orc warrior, an ogre, a gnoll sergeant (berserk) and a kobold
(berserk).

Vanquished Creatures
  Harold (D:7)
  Erica (D:10)
  3 two-headed ogres
  Sonja (D:10)
  The ghost of Fingolfin the Skirmisher, a novice GrFi of Qazlal (D:7)
  Pikel (D:8)
  2 manticores
  A deep elf pyromancer (D:9)
  A moth of wrath (D:7)
  Maurice (D:10)
  3 unseen horrors
  A kobold demonologist (D:11)
  A troll (D:11)
  2 hornets (D:8)
  12 yaks
  A vampire (D:9)
  A wraith (D:9)
  A shadow (D:9)
  Sigmund (D:3)
  2 hogs (D:8)
  A human (D:8)
  A basilisk (D:11)
  3 steam dragons
  A water moccasin (D:5)
  An acid dragon (D:7)
  3 sky beasts
  A hornet zombie (D:6)
  7 orc warriors
  A black bear (D:5)
  An ice beast (D:6)
  4 ogres
  3 centaurs
  3 phantoms
  3 kobold brigands (D:11)
  4 bullfrogs
  A gnoll sergeant (D:7)
  5 scorpions
  A wyvern skeleton (D:6)
  2 water moccasin skeletons
  15 killer bees
  7 wights
  A howler monkey (D:5)
  3 centaur zombies (D:6)
  2 bullfrog zombies (D:6)
  6 hounds
  A gnoll shaman (D:6)
  2 centaur skeletons
  9 iguanas
  3 orc wizards
  Terence (D:3)
  A killer bee zombie (D:6)
  A hound zombie (D:5)
  A howler monkey zombie (D:5)
  2 howler monkey skeletons
  7 adders
  A shadow imp (D:8)
  5 white imps
  2 ufetubi
  6 worms
  A dart slug (D:4)
  24 orcs
  3 ball pythons
  9 endoplasms
  3 giant cockroaches
  4 goblins
  8 hobgoblins
  12 jackals
  A quokka (D:4)
  6 bats
  A frilled lizard (D:2)
  10 kobolds
  5 rats
247 creatures vanquished.

Vanquished Creatures (others)
  2 demonic plants (D:1)
  4 fungi (D:1)
  4 plants (D:1)
  A withered plant (D:1)
11 creatures vanquished.

Grand Total: 258 creatures vanquished

Notes
Turn   | Place    | Note
-------+----------+-------------------------------------------
     0 | D:1      | tilp the Minotaur Berserker began the quest for the Orb.
     0 | D:1      | Reached XP level 1. HP: 19/19 MP: 0/0
   135 | D:1      | Reached skill level 4 in Axes
   143 | D:1      | Reached XP level 2. HP: 18/26 MP: 1/1
   559 | D:1      | Reached skill level 5 in Axes
   609 | D:1      | Found a faded altar of an unknown god.
   725 | D:1      | Reached XP level 3. HP: 30/31 MP: 2/2
   969 | D:2      | Reached ** piety under Trog
  2084 | D:3      | Noticed Sigmund
  2090 | D:3      | Killed Sigmund
  2091 | D:3      | Reached skill level 7 in Axes
  2091 | D:3      | Reached XP level 4. HP: 39/39 MP: 3/3
  2091 | D:3      | Reached XP level 5. HP: 45/45 MP: 4/4
  2121 | D:3      | Noticed Terence
  2133 | D:3      | Killed Terence
  2688 | D:3      | Reached skill level 8 in Axes
  2770 | D:4      | You fall into a shaft and drop 2 floors!
  2770 | D:6      | Noticed an ogre
  2776 | D:6      | Reached XP level 6. HP: 52/52 MP: 5/5
  2777 | D:6      | Noticed an ice beast
  2785 | D:6      | Killed an ice beast
  2786 | D:6      | Reached skill level 1 in Stealth
  2786 | D:6      | Reached skill level 1 in Evocations
  2865 | D:6      | Reached XP level 7. HP: 24/59 MP: 6/6
  3291 | D:6      | Found Cuaremi's Antique Weapon Shop.
  3318 | D:5      | Entered Level 5 of the Dungeon
  3863 | D:4      | Reached *** piety under Trog
  3922 | D:4      | Found a staircase to the Ecumenical Temple.
  3946 | D:4      | Reached skill level 5 in Fighting
  4087 | D:4      | Reached XP level 8. HP: 60/68 MP: 7/7
  4749 | D:5      | Found a glowing silver altar of Zin.
  4749 | D:5      | Found an opulent altar of Gozag.
  4830 | D:5      | Reached skill level 9 in Axes
  5167 | D:5      | Reached skill level 10 in Axes
  6020 | D:6      | Reached XP level 9. HP: 78/78 MP: 8/8
  6347 | D:6      | Found Qahon's Overcharged Wands.
  6485 | D:6      | Reached skill level 5 in Armour
  6592 | D:6      | Reached skill level 5 in Dodging
  6978 | D:6      | Noticed a manticore
  6981 | D:6      | Killed a manticore
  7129 | D:6      | Reached skill level 11 in Axes
  7303 | D:7      | Found Myifune's Weapon Emporium.
  7539 | D:7      | Reached **** piety under Trog
  7574 | D:7      | Noticed a moth of wrath
  7582 | D:7      | Noticed a two-headed ogre
  7583 | D:7      | Found a bloodstained altar of Trog.
  7583 | D:7      | Noticed Fingolfin's ghost (novice GrFi)
  7657 | D:7      | Found a transporter.
  7692 | D:7      | Found a transporter.
  7727 | D:7      | Reached skill level 12 in Axes
  8036 | D:7      | Reached XP level 10. HP: 75/88 MP: 9/9
  8127 | D:7      | Noticed Harold
  8135 | D:7      | Killed Harold
  8136 | D:7      | Reached skill level 13 in Axes
  8768 | D:8      | Paralysed by a hornet for 2 turns
  8778 | D:8      | Noticed Pikel
  8786 | D:8      | Reached skill level 14 in Axes
  8790 | D:8      | Killed Pikel
  9419 | D:8      | Found Zoagguwe's Antique Weapon Shoppe.
 10252 | D:9      | Noticed a two-headed ogre
 10261 | D:9      | Killed a two-headed ogre
 10262 | D:9      | Reached XP level 11. HP: 95/95 MP: 10/10
 10560 | D:9      | Reached skill level 5 in Evocations
 10802 | D:9      | Noticed a deep elf pyromancer
 10806 | D:9      | Killed a deep elf pyromancer
 11093 | D:10     | Entered Level 10 of the Dungeon
 11093 | D:10     | Noticed Erica
 11100 | D:10     | Killed Erica
 11174 | D:10     | Noticed Maurice
 11188 | D:10     | Killed Maurice
 11471 | D:10     | Noticed Sonja
 11476 | D:10     | Killed Sonja
 12067 | D:11     | Noticed a seven-headed hydra
 12288 | D:11     | Found a staircase to the Orcish Mines.
 12509 | D:11     | Reached skill level 15 in Axes
 12849 | D:11     | Found a staircase to the Lair.
 13231 | D:11     | Noticed a two-headed ogre
 13236 | D:11     | Killed a two-headed ogre
 13237 | D:11     | Reached skill level 10 in Fighting
 14169 | D:7      | Killed Fingolfin's ghost
 14170 | D:7      | Reached XP level 12. HP: 106/106 MP: 11/11
 14176 | D:7      | Killed a two-headed ogre
 14177 | D:7      | Reached skill level 16 in Axes
 14192 | D:7      | Slain by a gnoll sergeant

Illustrated notes

Levels and vault maps discovered:
D:1:      eino_arrival_water_star, layout_basic, shapermc_ecumenical_altar_gd,
          minmay_misc_feat_rugged
D:2:      layout_basic, kennysheep_boxes
D:3:      layout_basic, uniq_terence, uniq_sigmund
D:4:      layout_cave_pools, temple_statues, nicolae_wormholes
D:5:      kennysheep_six_static_rooms, layout_loops_ring,
          grunt_temple_overflow_gold_and_silver
D:6:      kennysheep_windowed_halls, layout_cave_pools, serial_shops,
          nicolae_stop_n_shop_1, nicolae_shop_overcharged_wands
D:7:      layout_cave_pods, gammafunk_ghost_wrathful_warriors, serial_shops,
          nicolae_shop_bloodbath_and_beyond, hangedman_decor_peaks_small,
          uniq_harold
D:8:      layout_basic, serial_shops, nicolae_shop_window_shopping,
          grunt_livestock, uniq_pikel
D:9:      layout_basic
D:10:     layout_loops_ring, uniq_maurice, uniq_sonja, uniq_erica
D:11:     layout_stronghold, lair_entry_dummy, orc_0_dummy

Skill      XL: |  1  2  3  4  5  6  7  8  9 10 11 12 |
---------------+-------------------------------------+-----
Axes           | 4 5 7 8 10 12 14 15 16 | 16.0
Fighting       | 4 5 6 8 10 | 10.1
Armour         | 3 4 6 8 |  8.0
Stealth        | 1 2 3 4 |  4.0
Evocations     | 1 2 4 6 |  6.0
Dodging        | 3 4 6 8 |  8.0

Action                   |  1- 3 |  4- 6 |  7- 9 | 10-12 || total
-------------------------+-------+-------+-------+-------++-------
Melee: Hand axe          |    96 |    63 |    23 |       ||   182
       Headbutt          |    15 |     9 |    52 |    50 ||   126
       Punch             |     2 |       |     3 |       ||     5
       War axe           |       |       |   136 |       ||   136
       Battleaxe         |       |       |   119 |   258 ||   377
Invok: Berserk           |     1 |     2 |     6 |    10 ||    19
       Trog's Hand       |     1 |       |       |     4 ||     5
Evoke: Wand              |       |       |       |     2 ||     2
  Use: Scroll            |     3 |       |    15 |     5 ||    23
       Potion            |       |       |       |     4 ||     4
 Stab: Paralysed         |       |       |       |     2 ||     2
Armor: Animal skin       |    16 |       |       |       ||    16
       Leather armour    |    10 |       |       |       ||    10
       Scale mail        |       |    20 |   118 |    56 ||   194
       Chain mail        |       |       |       |   133 ||   133
       Skin              |       |       |       |     4 ||     4
Dodge: Dodged            |    49 |    24 |   170 |   129 ||   372
